Match 39179824
Unlisted

Match 39179824
End
Construct Weapon Support Center
Engineer Squad
Selects Armored Battlegroup
Selects Assault Engineers
M1919 Machine Gun Team
Assault Engineer Squad
Air Support Center
Grasshopper Recon Run
M3 Armored Personnel Carrier
M1919 Machine Gun Team
P-47 Strafing Run
Air Supply
Grasshopper Recon Run
M3 Armored Personnel Carrier
P-47 Dive Bomb
Grasshopper Recon Run
Assault Engineer Squad
Double Sortie
Selects Strength in Steel
Scout Squad
M3 Armored Personnel Carrier
Assault Engineer Squad
Grasshopper Recon Run
Selects M8 Scott SPG
Grasshopper Recon Run
P-47 Dive Bomb
P-47 Strafing Run
Assault Engineer Squad
Construct Tank Depot
Selects UNKNOWN (2160077)
Selects M31 Recovery Vehicle
P-47 Dive Bomb
Grasshopper Recon Run
P-47 Strafing Run
Selects War Machine
Assault Engineer Squad
Honey
khj
Zebra
스팀계정족같네
PnutSCrosant
Sleepingpigs
用冈本算不算穿和服
random23333
0
0

Comments sign in to comment!

No comments posted yet!